[ AOE2 MATCH · #486437116 ]
UnrankedJapanese vs Turks
[ REPLAY ANALYSIS · EXTRACTED FROM THE RECORDED GAME ]
Feudal
12:42
Castle
24:34
Imperial
—
| APM avg | 52.8 |
| APM peak | 121 |
| eAPM avg | 35.5 |
| Villagers / military | 237 / 183 |
Focus
⚔️ 37.8% · 🌾 62.2%
Skirmisher ×110 · Cavalry Archer ×41 · Archer ×11 · Militia ×8 · Spearman ×7 · Mangonel ×6
Feudal
14:31
Castle
18:23
Imperial
40:48
| APM avg | 52.6 |
| APM peak | 80 |
| eAPM avg | 29.6 |
| Villagers / military | 144 / 302 |
Focus
⚔️ 33.9% · 🌾 66.1%
Scout Cavalry ×222 · Hand Cannoneer ×46 · Skirmisher ×22 · Janissary ×5 · Battering Ram ×5 · Fishing Ship ×4
Feudal
13:46
Castle
17:18
Imperial
39:05
| APM avg | 63.0 |
| APM peak | 146 |
| eAPM avg | 38.4 |
| Villagers / military | 243 / 253 |
Focus
⚔️ 44.5% · 🌾 55.5%
Archer ×110 · Skirmisher ×74 · Spearman ×63 · Knight ×4 · Berserk ×2
Feudal
13:50
Castle
21:29
Imperial
39:35
| APM avg | 39.4 |
| APM peak | 66 |
| eAPM avg | 23.0 |
| Villagers / military | 164 / 144 |
Focus
⚔️ 31.1% · 🌾 68.9%
Genitour ×86 · Camel Archer ×37 · Fishing Ship ×14 · Skirmisher ×7 · Trebuchet (Packed) ×7 · Mangonel ×3
Match map
Initial resources + every placement click. Lines = walls · curves = elevation contours. ◆ gold · ⬟ stone · ● berries · ✦ relic · ◌ wall gap
Your base· Open — unwalled flank
DL-ĐệNhị's base· Open — unwalled flank
FMG | GreatMaty's base· Open — unwalled flank
ĐLucky's base· Open — unwalled flank
Smoothed initial terrain · ◌ = detected wall gap · hover for details
Inputs per minute
— FMG | ToNGa - - DL-ĐệNhị
Build order — FMG | ToNGa
First 150 of 532 actions detected
| 0:14 | Build | Town Center |
| 2:06 | Build | House |
| 2:29 | Queue | Villager (Male) |
| 2:30 | Queue | Villager (Male) |
| 2:30 | Queue | Villager (Male) |
| 2:35 | Queue | Villager (Male) |
| 2:35 | Queue | Villager (Male) |
| 3:07 | Build | Palisade Wall |
| 3:17 | Build | House |
| 3:38 | Queue | Villager (Male) |
| 3:39 | Queue | Villager (Male) |
| 3:47 | Research | Loom |
| 4:02 | Queue | Villager (Male) |
| 4:02 | Queue | Villager (Male) |
| 4:03 | Queue | Villager (Male) |
| 4:22 | Queue | Villager (Male) |
| 4:22 | Queue | Villager (Male) |
| 4:40 | Build | House |
| 4:50 | Build | Lumber Camp |
| 4:56 | Queue | Villager (Male) |
| 4:56 | Queue | Villager (Male) |
| 4:57 | Queue | Villager (Male) |
| 4:57 | Build | House |
| 5:31 | Queue | Villager (Male) |
| 5:31 | Queue | Villager (Male) |
| 5:31 | Queue | Villager (Male) |
| 6:00 | Queue | Villager (Male) |
| 6:01 | Queue | Villager (Male) |
| 6:26 | Queue | Villager (Male) |
| 6:26 | Queue | Villager (Male) |
| 6:26 | Queue | Villager (Male) |
| 6:28 | Build | Mill |
| 6:56 | Queue | Villager (Male) |
| 6:57 | Queue | Villager (Male) |
| 6:58 | Queue | Villager (Male) |
| 6:58 | Queue | Villager (Male) |
| 7:01 | Build | House |
| 7:11 | Queue | Villager (Male) |
| 7:12 | Queue | Villager (Male) |
| 7:12 | Queue | Villager (Male) |
| 7:48 | Queue | Villager (Male) |
| 7:49 | Queue | Villager (Male) |
| 7:49 | Queue | Villager (Male) |
| 8:32 | Build | Mining Camp |
| 8:58 | Queue | Villager (Male) |
| 8:58 | Queue | Villager (Male) |
| 8:58 | Queue | Villager (Male) |
| 9:25 | Build | Barracks |
| 9:54 | Build | House |
| 10:14 | Build | House |
| 10:32 | Research | Feudal Age |
| 10:46 | Build | House |
| 10:47 | Queue | Militia |
| 10:47 | Queue | Militia |
| 11:03 | Queue | Militia |
| 11:03 | Queue | Militia |
| 11:25 | Queue | Militia |
| 11:25 | Queue | Militia |
| 11:25 | Queue | Militia |
| 12:05 | Queue | Villager (Male) |
| 12:42 | Age | Feudal Age |
| 12:43 | Build | Archery Range |
| 12:44 | Research | Man-at-Arms (upgrade) |
| 12:46 | Queue | Villager (Male) |
| 12:56 | Build | Mill |
| 13:23 | Queue | Militia |
| 13:35 | Queue | Villager (Male) |
| 13:35 | Queue | Villager (Male) |
| 13:36 | Queue | Villager (Male) |
| 13:41 | Build | House |
| 13:42 | Queue | Archer |
| 13:42 | Queue | Archer |
| 13:43 | Queue | Archer |
| 14:11 | Build | House |
| 14:14 | Queue | Villager (Male) |
| 14:14 | Queue | Villager (Male) |
| 14:14 | Queue | Villager (Male) |
| 14:17 | Queue | Archer |
| 14:17 | Queue | Archer |
| 14:29 | Build | Dock |
| 14:32 | Build | Mill |
| 14:34 | Queue | Villager (Male) |
| 14:44 | Build | House |
| 15:38 | Build | House |
| 15:40 | Queue | Archer |
| 15:43 | Queue | Villager (Male) |
| 16:14 | Queue | Archer |
| 16:14 | Queue | Archer |
| 16:15 | Queue | Villager (Male) |
| 16:15 | Queue | Villager (Male) |
| 16:38 | Build | House |
| 16:42 | Queue | Villager (Male) |
| 16:42 | Queue | Villager (Male) |
| 16:57 | Queue | Fishing Ship |
| 16:58 | Queue | Fishing Ship |
| 17:02 | Queue | Archer |
| 17:03 | Queue | Villager (Male) |
| 17:06 | Build | Blacksmith |
| 17:09 | Research | Double-Bit Axe |
| 17:11 | Build | House |
| 17:22 | Build | Watch Tower |
| 17:38 | Build | Watch Tower |
| 17:41 | Queue | Villager (Male) |
| 17:43 | Build | Mining Camp |
| 17:47 | Build | House |
| 17:49 | Queue | Archer |
| 17:49 | Queue | Archer |
| 18:17 | Build | Palisade Wall |
| 18:48 | Queue | Spearman |
| 18:49 | Queue | Spearman |
| 18:49 | Queue | Spearman |
| 18:50 | Queue | Villager (Male) |
| 18:50 | Queue | Villager (Male) |
| 18:50 | Queue | Villager (Male) |
| 18:51 | Queue | Villager (Male) |
| 18:51 | Queue | Villager (Male) |
| 18:51 | Queue | Villager (Male) |
| 19:02 | Queue | Fishing Ship |
| 19:11 | Build | Mill |
| 19:12 | Queue | Villager (Male) |
| 19:25 | Queue | Spearman |
| 19:37 | Queue | Spearman |
| 19:37 | Queue | Spearman |
| 19:49 | Queue | Villager (Male) |
| 20:00 | Build | Market |
| 20:03 | Build | House |
| 20:05 | Build | House |
| 20:07 | Build | Palisade Wall |
| 20:13 | Queue | Spearman |
| 20:58 | Build | Palisade Wall |
| 21:54 | Research | Castle Age |
| 21:54 | Research | Castle Age |
| 22:01 | Build | Palisade Wall |
| 22:03 | Build | Palisade Wall |
| 22:08 | Build | Palisade Wall |
| 22:10 | Build | Palisade Wall |
| 22:29 | Build | Watch Tower |
| 23:33 | Queue | Villager (Male) |
| 23:34 | Queue | Villager (Male) |
| 23:40 | Build | Lumber Camp |
| 23:59 | Build | Watch Tower |
| 24:34 | Age | Castle Age |
| 24:35 | Build | Town Center |
| 24:44 | Build | Archery Range |
| 24:50 | Build | Archery Range |
| 25:12 | Queue | Villager (Male) |
| 25:12 | Queue | Villager (Male) |
| 25:12 | Queue | Villager (Male) |
| 25:27 | Queue | Villager (Male) |
| 25:27 | Queue | Villager (Male) |
Build order — DL-ĐệNhị
First 150 of 448 actions detected
| 0:28 | Build | Town Center |
| 2:34 | Build | House |
| 2:38 | Queue | Villager (Male) ×4 |
| 4:20 | Build | Lumber Camp |
| 4:22 | Queue | Villager (Male) |
| 4:22 | Queue | Villager (Male) |
| 4:27 | Queue | Villager (Male) |
| 4:27 | Queue | Villager (Male) |
| 4:55 | Queue | Villager (Male) |
| 4:55 | Queue | Villager (Male) |
| 4:58 | Build | House |
| 5:34 | Queue | Villager (Male) |
| 5:35 | Queue | Villager (Male) |
| 5:37 | Queue | Villager (Male) |
| 6:16 | Queue | Villager (Male) |
| 6:56 | Build | House |
| 7:02 | Queue | Villager (Male) |
| 7:02 | Queue | Villager (Male) |
| 7:02 | Queue | Villager (Male) |
| 7:02 | Queue | Villager (Male) |
| 7:14 | Build | House |
| 7:19 | Build | House |
| 7:39 | Queue | Villager (Male) |
| 7:39 | Queue | Villager (Male) |
| 7:53 | Queue | Villager (Male) |
| 7:54 | Queue | Villager (Male) |
| 7:58 | Build | Dock |
| 8:01 | Queue | Villager (Male) |
| 8:02 | Queue | Villager (Male) |
| 8:03 | Build | House |
| 8:18 | Build | House |
| 8:25 | Build | House |
| 8:33 | Build | House |
| 8:49 | Queue | Villager (Male) |
| 8:49 | Queue | Villager (Male) |
| 8:50 | Queue | Fishing Ship |
| 8:51 | Queue | Fishing Ship |
| 8:57 | Build | House |
| 9:28 | Queue | Villager (Male) |
| 9:28 | Queue | Villager (Male) |
| 9:55 | Build | Mill |
| 9:56 | Queue | Villager (Male) |
| 9:57 | Queue | Villager (Male) |
| 10:07 | Queue | Villager (Male) |
| 10:21 | Queue | Villager (Male) |
| 10:22 | Queue | Villager (Male) |
| 10:40 | Queue | Fishing Ship |
| 11:16 | Build | Mining Camp |
| 11:34 | Research | Loom |
| 11:34 | Research | Loom |
| 12:13 | Research | Feudal Age |
| 12:13 | Research | Feudal Age |
| 12:44 | Build | Mill |
| 12:59 | Build | Mill |
| 13:11 | Queue | Fishing Ship |
| 13:24 | Build | Barracks |
| 13:26 | Build | House |
| 14:29 | Build | House |
| 14:31 | Age | Feudal Age |
| 14:33 | Build | Stable |
| 14:37 | Queue | Villager (Male) |
| 14:38 | Queue | Villager (Male) |
| 15:01 | Build | Blacksmith |
| 15:06 | Build | House |
| 15:08 | Build | House |
| 15:11 | Build | Palisade Wall |
| 15:32 | Research | Double-Bit Axe |
| 15:32 | Research | Double-Bit Axe |
| 15:43 | Research | Castle Age |
| 15:43 | Research | Castle Age |
| 16:07 | Research | Horse Collar |
| 16:08 | Research | Horse Collar |
| 16:10 | Queue | Scout Cavalry |
| 16:10 | Queue | Scout Cavalry |
| 16:31 | Build | Mill |
| 16:39 | Research | Bloodlines |
| 16:39 | Research | Bloodlines |
| 17:09 | Queue | Scout Cavalry |
| 17:30 | Queue | Scout Cavalry |
| 17:31 | Queue | Villager (Male) |
| 17:34 | Build | Stable |
| 17:43 | Research | Scale Barding Armor |
| 17:43 | Research | Scale Barding Armor |
| 17:56 | Queue | Scout Cavalry |
| 18:18 | Queue | Villager (Male) |
| 18:23 | Age | Castle Age |
| 18:38 | Build | Farm |
| 18:38 | Build | Farm |
| 18:51 | Queue | Scout Cavalry |
| 18:53 | Queue | Villager (Male) |
| 18:54 | Queue | Villager (Male) |
| 18:55 | Build | Farm |
| 19:17 | Queue | Scout Cavalry |
| 19:20 | Build | Farm |
| 19:22 | Build | Farm |
| 19:42 | Research | Forging |
| 19:42 | Research | Forging |
| 19:49 | Build | Farm |
| 20:07 | Queue | Villager (Male) |
| 20:10 | Build | Farm |
| 20:11 | Queue | Villager (Male) |
| 20:11 | Queue | Villager (Male) |
| 20:18 | Build | Town Center |
| 20:38 | Queue | Scout Cavalry |
| 20:38 | Queue | Scout Cavalry |
| 20:44 | Build | Farm |
| 20:54 | Research | Husbandry |
| 20:54 | Research | Husbandry |
| 20:55 | Queue | Villager (Male) |
| 21:24 | Queue | Scout Cavalry |
| 21:24 | Queue | Scout Cavalry |
| 21:25 | Queue | Scout Cavalry |
| 21:52 | Queue | Scout Cavalry ×2 |
| 21:52 | Queue | Scout Cavalry ×2 |
| 21:53 | Queue | Villager (Male) |
| 22:07 | Build | Town Center |
| 22:16 | Queue | Villager (Male) |
| 22:24 | Build | Farm |
| 22:26 | Build | Farm |
| 22:26 | Build | Farm |
| 22:26 | Build | Farm |
| 22:28 | Queue | Villager (Male) |
| 22:30 | Queue | Villager (Male) |
| 22:31 | Queue | Villager (Male) |
| 23:16 | Build | Farm |
| 23:30 | Research | Chain Barding Armor |
| 23:30 | Research | Chain Barding Armor |
| 23:35 | Queue | Villager (Male) |
| 23:44 | Build | Farm |
| 23:44 | Build | Farm |
| 23:44 | Build | Farm |
| 23:49 | Queue | Villager (Male) ×2 |
| 24:01 | Build | Fish Trap |
| 24:13 | Queue | Scout Cavalry ×2 |
| 24:14 | Queue | Scout Cavalry ×2 |
| 24:18 | Build | Farm |
| 24:19 | Queue | Villager (Male) |
| 24:54 | Research | Wheelbarrow |
| 24:54 | Research | Wheelbarrow |
| 25:01 | Queue | Scout Cavalry |
| 25:02 | Queue | Scout Cavalry |
| 25:12 | Queue | Scout Cavalry |
| 25:15 | Build | Farm |
| 25:17 | Queue | Villager (Male) |
| 25:22 | Build | Fish Trap |
| 25:24 | Build | Fish Trap |
| 25:33 | Queue | Scout Cavalry |
| 25:33 | Queue | Scout Cavalry |
| 25:43 | Queue | Villager (Male) ×2 |
| 25:56 | Queue | Villager (Male) ×2 |
Build order — FMG | GreatMaty
First 150 of 658 actions detected
| 1:12 | Build | Town Center |
| 3:05 | Build | House |
| 3:15 | Queue | Villager (Male) |
| 3:15 | Queue | Villager (Male) |
| 3:15 | Queue | Villager (Male) |
| 3:15 | Queue | Villager (Male) |
| 4:28 | Queue | Villager (Male) |
| 4:29 | Queue | Villager (Male) |
| 4:37 | Build | House |
| 4:49 | Queue | Villager (Male) |
| 4:49 | Queue | Villager (Male) |
| 5:13 | Build | Lumber Camp |
| 5:19 | Queue | Villager (Male) |
| 5:19 | Queue | Villager (Male) |
| 5:55 | Queue | Villager (Male) |
| 5:55 | Queue | Villager (Male) |
| 5:55 | Queue | Villager (Male) |
| 6:16 | Build | House |
| 6:17 | Queue | Villager (Male) |
| 6:17 | Queue | Villager (Male) |
| 6:18 | Queue | Villager (Male) |
| 6:45 | Queue | Villager (Male) |
| 6:45 | Queue | Villager (Male) |
| 6:46 | Queue | Villager (Male) |
| 6:57 | Queue | Villager (Male) |
| 7:19 | Queue | Villager (Male) |
| 7:42 | Queue | Villager (Male) |
| 8:14 | Queue | Villager (Male) |
| 8:15 | Build | House |
| 8:26 | Build | Mill |
| 8:29 | Build | House |
| 8:41 | Build | House |
| 8:50 | Build | House |
| 8:57 | Queue | Villager (Male) |
| 9:17 | Queue | Villager (Male) |
| 9:32 | Build | House |
| 9:42 | Queue | Villager (Male) |
| 10:08 | Build | Mining Camp |
| 10:09 | Queue | Villager (Male) |
| 10:28 | Queue | Villager (Male) |
| 10:53 | Queue | Villager (Male) |
| 11:20 | Build | House |
| 11:34 | Build | House |
| 11:36 | Research | Feudal Age |
| 11:36 | Research | Feudal Age |
| 11:46 | Build | House |
| 12:32 | Queue | Villager (Male) |
| 12:53 | Build | Barracks |
| 12:56 | Build | Palisade Wall |
| 13:04 | Research | Loom |
| 13:46 | Age | Feudal Age |
| 13:52 | Build | Blacksmith |
| 13:54 | Build | Archery Range |
| 14:38 | Research | Castle Age |
| 14:39 | Research | Castle Age |
| 15:25 | Queue | Skirmisher |
| 15:25 | Queue | Skirmisher |
| 15:29 | Research | Double-Bit Axe |
| 15:29 | Research | Double-Bit Axe |
| 15:38 | Queue | Spearman |
| 15:41 | Build | House |
| 15:47 | Research | Fletching |
| 15:48 | Research | Fletching |
| 16:16 | Queue | Skirmisher |
| 16:18 | Build | House |
| 16:25 | Queue | Skirmisher |
| 17:03 | Queue | Villager (Male) |
| 17:05 | Queue | Skirmisher |
| 17:18 | Age | Castle Age |
| 17:27 | Queue | Skirmisher |
| 17:33 | Build | Town Center |
| 17:38 | Queue | Villager (Male) |
| 18:01 | Queue | Villager (Male) |
| 18:15 | Build | House |
| 18:17 | Research | Bodkin Arrow |
| 18:17 | Research | Bodkin Arrow |
| 18:21 | Queue | Skirmisher |
| 18:22 | Queue | Skirmisher |
| 18:31 | Queue | Villager (Male) |
| 18:40 | Build | House |
| 18:58 | Queue | Villager (Male) |
| 18:59 | Queue | Villager (Male) |
| 19:07 | Queue | Spearman |
| 19:08 | Queue | Spearman |
| 19:10 | Queue | Villager (Male) |
| 19:19 | Queue | Villager (Male) |
| 19:35 | Build | Archery Range |
| 19:45 | Queue | Villager (Male) |
| 19:45 | Queue | Villager (Male) |
| 19:49 | Queue | Archer |
| 19:49 | Queue | Archer |
| 19:58 | Build | Mill |
| 20:00 | Queue | Villager (Male) |
| 20:14 | Queue | Villager (Male) |
| 20:19 | Queue | Archer |
| 20:24 | Queue | Spearman |
| 20:33 | Queue | Villager (Male) |
| 20:37 | Build | House |
| 20:38 | Build | House |
| 20:39 | Queue | Villager (Male) |
| 20:56 | Queue | Archer |
| 20:56 | Queue | Archer |
| 21:11 | Queue | Villager (Male) |
| 21:11 | Queue | Villager (Male) |
| 21:13 | Queue | Archer |
| 21:19 | Build | House |
| 21:19 | Build | House |
| 21:34 | Queue | Villager (Male) |
| 21:44 | Queue | Villager (Male) |
| 21:45 | Queue | Archer |
| 21:45 | Queue | Archer |
| 21:54 | Queue | Villager (Male) |
| 21:54 | Queue | Villager (Male) |
| 22:07 | Build | Farm |
| 22:08 | Build | Farm |
| 22:08 | Build | Farm |
| 22:08 | Build | Farm |
| 22:08 | Build | Farm |
| 22:08 | Build | Farm |
| 22:08 | Build | Farm |
| 22:09 | Build | Farm |
| 22:09 | Build | Farm |
| 22:36 | Research | Crossbowman (upgrade) |
| 22:36 | Research | Crossbowman (upgrade) |
| 22:37 | Queue | Archer |
| 22:37 | Queue | Archer |
| 22:37 | Queue | Archer |
| 22:38 | Build | House |
| 22:42 | Build | Town Center |
| 22:59 | Queue | Villager (Male) |
| 23:00 | Queue | Villager (Male) |
| 23:01 | Build | House |
| 23:02 | Build | House |
| 23:19 | Queue | Villager (Male) |
| 23:19 | Queue | Villager (Male) |
| 23:19 | Queue | Villager (Male) |
| 23:20 | Queue | Archer |
| 23:31 | Queue | Villager (Male) |
| 23:32 | Queue | Villager (Male) |
| 23:37 | Queue | Villager (Male) |
| 23:45 | Queue | Archer |
| 23:46 | Queue | Archer |
| 23:52 | Queue | Villager (Male) |
| 23:54 | Build | House |
| 24:01 | Build | House |
| 24:23 | Queue | Villager (Male) |
| 24:23 | Queue | Villager (Male) |
| 24:24 | Queue | Archer |
| 24:24 | Queue | Archer |
| 24:33 | Queue | Villager (Male) |
Build order — ĐLucky
First 150 of 478 actions detected
| 0:14 | Build | Town Center |
| 2:19 | Build | House |
| 2:22 | Queue | Villager (Male) |
| 2:22 | Queue | Villager (Male) |
| 2:23 | Queue | Villager (Male) |
| 2:23 | Queue | Villager (Male) |
| 2:23 | Queue | Villager (Male) |
| 3:26 | Queue | Villager (Male) |
| 3:27 | Queue | Villager (Male) |
| 4:21 | Build | Lumber Camp |
| 4:25 | Queue | Villager (Male) |
| 4:25 | Queue | Villager (Male) |
| 4:25 | Queue | Villager (Male) |
| 4:47 | Build | House |
| 5:03 | Queue | Villager (Male) |
| 5:03 | Queue | Villager (Male) |
| 5:12 | Queue | Villager (Male) |
| 5:13 | Queue | Villager (Male) |
| 5:52 | Queue | Villager (Male) |
| 5:52 | Queue | Villager (Male) |
| 6:03 | Build | House |
| 6:10 | Queue | Villager (Male) |
| 6:10 | Queue | Villager (Male) |
| 6:10 | Queue | Villager (Male) |
| 6:29 | Queue | Villager (Male) |
| 6:29 | Queue | Villager (Male) |
| 6:30 | Queue | Villager (Male) |
| 6:52 | Queue | Villager (Male) |
| 6:52 | Queue | Villager (Male) |
| 7:13 | Build | House |
| 7:18 | Queue | Villager (Male) |
| 7:18 | Queue | Villager (Male) |
| 7:18 | Queue | Villager (Male) |
| 7:28 | Build | House |
| 7:37 | Queue | Villager (Male) |
| 7:47 | Build | Dock |
| 8:14 | Queue | Fishing Ship |
| 8:19 | Build | House |
| 8:20 | Build | Palisade Wall |
| 8:20 | Build | Palisade Wall |
| 8:38 | Build | Mill |
| 8:54 | Queue | Villager (Male) |
| 9:03 | Queue | Fishing Ship |
| 9:03 | Queue | Fishing Ship |
| 9:03 | Queue | Fishing Ship |
| 9:25 | Queue | Villager (Male) |
| 9:47 | Queue | Fishing Ship |
| 9:48 | Queue | Villager (Male) |
| 10:05 | Build | House |
| 10:11 | Research | Loom |
| 10:11 | Research | Loom |
| 10:14 | Build | House |
| 10:19 | Queue | Villager (Male) |
| 10:35 | Queue | Fishing Ship |
| 10:37 | Queue | Villager (Male) |
| 10:55 | Build | Mining Camp |
| 11:40 | Research | Feudal Age |
| 11:40 | Research | Feudal Age |
| 12:31 | Build | Palisade Gate |
| 12:35 | Build | Palisade Gate |
| 12:36 | Build | Palisade Wall |
| 12:55 | Build | Mining Camp |
| 12:58 | Build | Palisade Wall |
| 13:12 | Build | Barracks |
| 13:41 | Build | House |
| 13:50 | Age | Feudal Age |
| 13:51 | Queue | Villager (Male) |
| 13:53 | Queue | Villager (Male) |
| 14:34 | Build | Watch Tower |
| 14:44 | Queue | Villager (Male) |
| 16:20 | Queue | Villager (Male) |
| 16:20 | Queue | Villager (Male) |
| 16:20 | Queue | Villager (Male) |
| 16:38 | Build | Archery Range |
| 16:46 | Build | Palisade Wall |
| 17:11 | Queue | Villager (Male) |
| 17:18 | Queue | Skirmisher |
| 17:59 | Queue | Skirmisher |
| 18:10 | Queue | Villager (Male) |
| 18:10 | Queue | Villager (Male) |
| 18:26 | Build | Blacksmith |
| 18:45 | Queue | Skirmisher |
| 18:49 | Research | Castle Age |
| 18:54 | Build | Mining Camp |
| 19:04 | Build | House |
| 19:23 | Research | Fletching |
| 19:23 | Research | Fletching |
| 19:24 | Research | Double-Bit Axe |
| 19:24 | Research | Double-Bit Axe |
| 19:24 | Research | Double-Bit Axe |
| 20:38 | Queue | Skirmisher |
| 21:14 | Queue | Skirmisher |
| 21:14 | Queue | Skirmisher |
| 21:14 | Queue | Skirmisher |
| 21:23 | Build | Market |
| 21:29 | Age | Castle Age |
| 22:32 | Build | Castle |
| 22:40 | Queue | Villager (Male) |
| 22:40 | Queue | Villager (Male) |
| 22:41 | Queue | Villager (Male) |
| 22:41 | Queue | Villager (Male) |
| 23:07 | Build | Mill |
| 23:12 | Build | Fish Trap |
| 23:16 | Build | Fish Trap |
| 23:18 | Queue | Camel Archer |
| 23:30 | Queue | Villager (Male) |
| 23:58 | Queue | Camel Archer |
| 23:58 | Queue | Camel Archer |
| 23:58 | Queue | Camel Archer |
| 23:59 | Queue | Villager (Male) |
| 24:00 | Queue | Villager (Male) |
| 24:00 | Queue | Villager (Male) |
| 24:37 | Queue | Villager (Male) |
| 24:41 | Build | House |
| 24:44 | Build | Palisade Wall |
| 24:57 | Build | House |
| 24:58 | Build | Palisade Wall |
| 25:16 | Queue | Villager (Male) |
| 25:17 | Queue | Villager (Male) |
| 25:17 | Queue | Villager (Male) |
| 25:17 | Queue | Villager (Male) |
| 25:17 | Queue | Villager (Male) |
| 25:40 | Queue | Villager (Male) |
| 25:42 | Build | Fish Trap |
| 25:50 | Queue | Camel Archer |
| 25:50 | Queue | Camel Archer |
| 25:50 | Queue | Camel Archer |
| 25:50 | Queue | Camel Archer |
| 25:53 | Queue | Villager (Male) |
| 25:53 | Queue | Villager (Male) |
| 25:53 | Queue | Villager (Male) |
| 26:22 | Build | Siege Workshop |
| 26:24 | Queue | Villager (Male) |
| 26:24 | Queue | Villager (Male) |
| 27:00 | Queue | Villager (Male) |
| 27:32 | Queue | Mangonel |
| 27:38 | Queue | Villager (Male) |
| 27:38 | Queue | Villager (Male) |
| 27:38 | Queue | Villager (Male) |
| 27:38 | Queue | Villager (Male) |
| 27:38 | Queue | Villager (Male) |
| 27:39 | Queue | Villager (Male) |
| 27:47 | Build | Fish Trap |
| 28:21 | Queue | Scorpion |
| 28:37 | Build | Town Center |
| 28:48 | Queue | Scorpion |
| 28:57 | Queue | Villager (Male) |
| 29:07 | Research | Bow Saw |
| 29:07 | Research | Bow Saw |
| 29:52 | Queue | Fishing Ship |
Match timeline
| 3:07 | FMG | ToNGa · wall_segment Palisade Wall x1 |
| 7:47 | ĐLucky · first_building Dock |
| 7:58 | DL-ĐệNhị · first_building Dock |
| 8:20 | ĐLucky · wall_segment Palisade Wall x1 |
| 8:20 | ĐLucky · wall_segment Palisade Wall x1 |
| 9:25 | FMG | ToNGa · first_building Barracks |
| 12:36 | ĐLucky · wall_segment Palisade Wall x1 |
| 12:42 | FMG | ToNGa · age_up feudal |
| 12:43 | FMG | ToNGa · first_building Archery Range |
| 12:53 | FMG | GreatMaty · first_building Barracks |
| 12:56 | FMG | GreatMaty · wall_segment Palisade Wall x4 |
| 12:58 | ĐLucky · wall_segment Palisade Wall x1 |
| 13:12 | ĐLucky · first_building Barracks |
| 13:24 | DL-ĐệNhị · first_building Barracks |
| 13:46 | FMG | GreatMaty · age_up feudal |
| 13:50 | ĐLucky · age_up feudal |
| 13:54 | FMG | GreatMaty · first_building Archery Range |
| 14:29 | FMG | ToNGa · first_building Dock |
| 14:31 | DL-ĐệNhị · age_up feudal |
| 14:33 | DL-ĐệNhị · first_building Stable |
| 15:11 | DL-ĐệNhị · wall_segment Palisade Wall x2 |
| 16:38 | ĐLucky · first_building Archery Range |
| 16:46 | ĐLucky · wall_segment Palisade Wall x1 |
| 17:18 | FMG | GreatMaty · age_up castle |
| 18:17 | FMG | ToNGa · wall_segment Palisade Wall x1 |
| 18:23 | DL-ĐệNhị · age_up castle |
| 20:07 | FMG | ToNGa · wall_segment Palisade Wall x3 |
| 20:58 | FMG | ToNGa · wall_segment Palisade Wall x2 |
| 21:05 | FMG | ToNGa · first_market_buy 100 food |
| 21:07 | FMG | ToNGa · first_market_sell 500 stone |
| 21:29 | ĐLucky · age_up castle |
| 22:01 | FMG | ToNGa · wall_segment Palisade Wall x1 |
| 22:03 | FMG | ToNGa · wall_segment Palisade Wall x1 |
| 22:08 | FMG | ToNGa · wall_segment Palisade Wall x1 |
| 22:10 | FMG | ToNGa · wall_segment Palisade Wall x1 |
| 22:29 | ĐLucky · first_market_buy 100 stone |
| 22:32 | ĐLucky · first_building Castle |
| 24:34 | FMG | ToNGa · age_up castle |
| 24:44 | ĐLucky · wall_segment Palisade Wall x1 |
| 24:58 | ĐLucky · wall_segment Palisade Wall x1 |
| 25:34 | FMG | GreatMaty · first_building Stable |
| 26:22 | ĐLucky · first_building Siege Workshop |
| 27:31 | ĐLucky · first_market_sell 100 wood |
| 27:32 | DL-ĐệNhị · first_market_buy 100 stone |
| 31:21 | FMG | ToNGa · first_building Siege Workshop |
| 35:07 | FMG | GreatMaty · first_building Castle |
| 35:26 | FMG | GreatMaty · first_building Monastery |
| 35:28 | FMG | GreatMaty · first_building Siege Workshop |
| 35:44 | DL-ĐệNhị · first_building Castle |
| 36:44 | FMG | GreatMaty · first_market_sell 100 food |
| 37:01 | DL-ĐệNhị · first_building Archery Range |
| 37:05 | DL-ĐệNhị · first_market_sell 100 wood |
| 37:50 | FMG | GreatMaty · first_market_buy 100 food |
| 38:40 | ĐLucky · first_building Stable |
| 39:05 | FMG | GreatMaty · age_up imperial |
| 39:35 | ĐLucky · age_up imperial |
| 40:48 | DL-ĐệNhị · age_up imperial |
| 41:49 | FMG | GreatMaty · tribute_sent a jugador 1 |
| 41:49 | FMG | GreatMaty · tribute_sent a jugador 3 |
| 41:49 | FMG | GreatMaty · tribute_sent a jugador 4 |
| 44:36 | DL-ĐệNhị · tribute_sent a jugador 2 |
| 44:36 | DL-ĐệNhị · tribute_sent a jugador 3 |
| 44:36 | DL-ĐệNhị · tribute_sent a jugador 4 |
| 44:48 | FMG | GreatMaty · tribute_sent a jugador 1 |
| 44:48 | FMG | GreatMaty · tribute_sent a jugador 3 |
| 44:48 | FMG | GreatMaty · tribute_sent a jugador 4 |
| 45:21 | DL-ĐệNhị · first_building Siege Workshop |
| 50:39 | FMG | ToNGa · resign |
[ AI ANALYSIS · 1 CREDIT ]
What really happened in this match?
Wolo.gg analyzes every decision: build order, eco, micro, common mistakes by bracket. Personalized analysis on WhatsApp or Discord in 30 seconds.
Civ guide
Japanese
Perfil
Jugador #2639502